 Dungeon Crawl Stone Soup version 0.29-a0-284-gf9362112df (webtiles) character file.

Game seed: 13381189749055601208

9876 mistaj the Basher (level 11, -3/77 HPs)
             Began as a Demonspawn Fighter on Mar 22, 2022.
             Was a Believer of Hepliaklqana.
             Killed from afar by an electric eel (14 damage)
             ... with a bolt of electricity
             ... on level 11 of the Dungeon.
             The game lasted 00:25:33 (10165 turns).

mistaj the Basher (Demonspawn Fighter)             Turns: 10165, Time: 00:25:34

Health: -3/77      AC: 14    Str: 23    XL:     11   Next: 28%
Magic:  11/11      EV: 10    Int: 15    God:    Hepliaklqana [**....]
Gold:   406        SH:  6    Dex: 14    Spells: 10/10 levels left

rFire   . . .      SeeInvis .   m - +9 flail of Patience {drain, rN+ Str+3}
rCold   . . .      Faith    .   c - +0 buckler
rNeg    + . .      Spirit   .   f - +0 swamp dragon scales
rPois   +          Reflect  .   N - +0 helmet
rElec   .          Harm     .   r - +1 cloak {rPois}
rCorr   .          Rampage  .   I - +0 pair of gloves
Will    .....                   J - +1 pair of boots
Stlth   +.........              z - amulet of regeneration
HPRegen 5.02/turn               x - +4 ring of slaying
MPRegen 0.12/turn               o - +6 ring of intelligence

@: very slow
A: reduced essence, claws 2, ignite blood 2, powered by death 2
a: Renounce Religion, Recall Ancestor, Ancestor Identity


You were on level 11 of the Dungeon.
You worshipped Hepliaklqana.
Hepliaklqana was pleased with you.
You visited 2 branches of the dungeon, and saw 12 of its levels.
You also visited: Bailey.

You collected 630 gold pieces.
You spent 224 gold pieces at shops.

Inventory:

Hand Weapons
 m - the +9 flail of Patience (weapon) {drain, rN+ Str+3}
   (You found it on level 6 of the Dungeon)

   A truly terrible weapon, it drains the life of any living foe it strikes.
   Str:       It affects your strength (+3).
   rN:        It protects you from negative energy.
 u - a +2 spectral club
 w - a +1 broad axe of protection
Missiles
 g - 30 poisoned darts (quivered)
 A - a throwing net
Armour
 c - a +0 buckler (worn)
 f - +0 swamp dragon scales (worn)
 r - a +1 cloak of poison resistance (worn)
 I - a +0 pair of gloves (worn)
 J - a +1 pair of boots (worn)
 N - a +0 helmet (worn)
Jewellery
 o - a +6 ring of intelligence (right hand)
 x - a +4 ring of slaying (left hand)
 z - an amulet of regeneration (around neck)
Wands
 a - a wand of flame (21)
 s - a wand of digging (2)
 B - a wand of charming (7)
 H - a wand of paralysis (2)
Scrolls
 b - a scroll of brand weapon
 j - a scroll of holy word
 n - a scroll of blinking
 v - a scroll of torment {unknown}
 y - a scroll of fog {unknown}
 F - 6 scrolls of identify
 G - 3 scrolls of vulnerability {unknown}
 K - 2 scrolls of magic mapping
 L - 3 scrolls of enchant armour {unknown}
 M - 2 scrolls of fear {unknown}
Potions
 d - 4 potions of might
 e - 2 potions of curing
 h - 2 potions of berserk rage {unknown}
 k - 2 potions of cancellation
 l - 2 potions of mutation
 p - a potion of brilliance
 q - 3 potions of haste
 t - 2 potions of heal wounds
 C - 2 potions of flight
 D - 2 potions of lignification {unknown}
 E - a potion of ambrosia {unknown}


   Skills:
 + Level 8.0 Fighting
 - Level 2.4 Short Blades
 - Level 5.2(10.1) Axes
 * Level 13.2(13.6) Maces & Flails
 - Level 2.6 Armour
 + Level 7.3 Shields


You had 10 spell levels left.
You didn't know any spells.
Your spell library contained the following spells:

 Spells                   Type           Power      Damage    Failure   Level
 Freeze                   Ice            0%         1d3       47%         1
 Magic Dart               Conj           0%         1d3       47%         1
 Sandblast                Erth           0%         2d4       47%         1
 Blink                    Tloc           0%         N/A       63%         2
 Ensorcelled Hibernation  Hex/Ice        0%         N/A       63%         2
 Passwall                 Tmut/Erth      0%         N/A       63%         2
 Searing Ray              Conj           0%         2d4       63%         2
 Lesser Beckoning         Tloc           0%         N/A       85%         3
 Stone Arrow              Conj/Erth      0%         3d7       85%         3
 Swiftness                Air            0%         N/A       85%         3
 Fulminant Prism          Conj/Hex       0%         3d6       99%         4
 Manifold Assault         Tloc           0%         N/A       100%        5


Dungeon Overview and Level Annotations

Branches:
Dungeon (11/15)            Temple (1/1) D:7             Orc (0/2) D:11
 Bailey (visited)
   Lair: D:8-11

Altars:
Ashenzari
Cheibriados
Dithmenos
Elyvilon
Fedhas
Gozag
Hepliaklqana
Kikubaaqudgha
Makhleb
Nemelex Xobeh
Okawaru
Qazlal
Ru
Sif Muna
Trog
Uskayaw
Vehumet
Wu Jian
Xom
Yredelemnul
Zin
The Shining One

Shops:
D:5 *   D:6 *   D:9 [


Innate Abilities, Weirdness & Mutations

Your life essence is reduced to manifest your ancestor. (-10% HP)
You have very sharp fingernails.
Your demonic aura often causes spilled blood to erupt in flames.
You regenerate health from kills.


Message History

The electric eel shoots out a bolt of lightning at you!
The bolt of electricity misses you.
You see here 9 gold pieces.
You now have 406 gold pieces (gained 9).
The electric eel shoots out a bolt of lightning at you!
The bolt of electricity hits you!
You enter the shallow water.
Moving in this stuff is going to be slow.
The electric eel shoots out a bolt of lightning at you!
The bolt of electricity misses you. The bolt of electricity hits you!
The bolt of electricity hits the electric eel.
The electric eel completely resists.
The electric eel shoots out a bolt of lightning at you!
The bolt of electricity hits you.
The bolt of electricity hits Nhalahla! x2
The bolt of electricity hits you!
The bolt of electricity hits the electric eel.
The electric eel completely resists.
You sock the electric eel!
You kill the electric eel!
The boulder beetle curls into a ball and begins rolling!
An electric eel comes into view.
The yak gores Nhalahla!
Nhalahla is destroyed!
The electric eel shoots out a bolt of lightning at you!
The bolt of electricity hits you!
The electric eel shoots out a bolt of lightning at you!
The bolt of electricity hits you! The yak gores you but does no damage.
The boulder beetle closely misses you.
The boulder beetle stops rolling and uncurls.
The yak gores you but does no damage. The boulder beetle bites you!!
* * * LOW HITPOINT WARNING * * *
You bludgeon the yak!! You drain the yak.
The yak is severely wounded.
You bludgeon the yak!!
You kill the yak!
The boulder beetle bites you!
* * * LOW HITPOINT WARNING * * *
The electric eel shoots out a bolt of lightning at you!
The bolt of electricity hits you!
You die...

#####≈.########## #...
..
..##≈≈.≈###.....##.?..
...
#.#≈≈≈.≈≈##.........P.
#.≈≈≈≈...........)....
#≈≈≈≈≈≈≈≈.......#
≈≈≈≈≈≈≈≈≈.......#
≈≈≈÷≈≈≈≈≈≈≈.....## .
#≈≈≈≈≈≈≈≈≈≈#####≈####...
#.≈≈≈≈≈≈≈≈## ##≈@B≈≈....
#.#≈≈≈≈≈≈## #≈≈≈≈≈≈....
#.##≈≈≈≈# #.....≈≈≈≈≈###
..###≈≈## #.....≈≈≈≈≈#
### ### #.....≈≈≈≈≈#
#.....≈≈≈≈≈#
#.....≈≈S≈≈#
#.....#≈≈≈## #..... #≈##


You could see a boulder beetle and an electric eel.

Vanquished Creatures
  A two-headed ogre (D:9)
  An ugly thing (D:10)
  A cyclops (D:5)
  2 unseen horrors (D:10)
  Maggie (D:6)
  A water elemental (D:11)
  A vampire (D:11)
  2 wyverns
  6 yaks
  A wraith (D:9)
  An acid dragon (D:10)
  Edmund (D:5)
  Duvessa (D:5)
  A water moccasin (D:8)
  4 orc warriors
  3 sky beasts
  2 ice beasts
  5 ogres
  6 centaurs
  4 kobold brigands
  4 bullfrogs
  3 scorpions
  2 necrophages
  4 wights
  Dowan (D:5)
  3 electric eels (D:11)
  5 howler monkeys
  3 jellies (D:8)
  A hound (D:4)
  2 orc priests
  Crazy Yiuf (D:3)
  3 gnoll shamans
  Jessica (D:3)
  A hexer (D:11)
  5 orc wizards
  Robin (D:4)
  14 gnolls
  7 adders
  2 white imps
  3 ufetubi
  2 worms (D:2)
  A dart slug (D:1)
  35 orcs
  7 endoplasms
  2 giant cockroaches
  13 goblins
  12 hobgoblins
  4 jackals (D:1)
  2 quokkas
  5 ball pythons
  8 bats
  4 frilled lizards
  20 kobolds
  3 rats (D:1)
229 creatures vanquished.

Vanquished Creatures (collateral kills)
  A cyclops (D:11)
  A troll (D:11)
  An electric eel (D:11)
  An orc wizard (D:8)
  3 orcs
  2 kobolds (D:8)
9 creatures vanquished.

Vanquished Creatures (others)
  A wizard (D:8)
  A centaur (D:11)
  An ancestor (D:9)
  A hexer (D:11)
4 creatures vanquished.

Grand Total: 242 creatures vanquished

Notes
Turn   | Place    | Note
-------+----------+-------------------------------------------
     0 | D:1      | mistaj the Demonspawn Fighter began the quest for the Orb.
     0 | D:1      | Reached XP level 1. HP: 18/18 MP: 1/1
    98 | D:1      | Gained mutation: Your demonic aura sometimes causes spilled
                  | blood to erupt in flames. [demonic ancestry]
    98 | D:1      | Reached XP level 2. HP: 16/24 MP: 2/2
   998 | D:1      | Gained mutation: You regenerate a little health from kills.
                  | [demonic ancestry]
   998 | D:1      | Reached XP level 3. HP: 29/29 MP: 3/3
  1489 | D:2      | Gained mutation: Your demonic aura often causes spilled
                  | blood to erupt in flames. [demonic ancestry]
  1489 | D:2      | Reached XP level 4. HP: 31/35 MP: 4/4
  1774 | D:3      | Found a faded altar of an unknown god.
  1781 | D:3      | Got Plato's Handbook of Snow
  2051 | D:3      | Noticed an ogre
  2161 | D:3      | Noticed Jessica
  2165 | D:3      | Killed Jessica
  2340 | D:3      | Found a runed translucent door.
  2341 | D:3      | Noticed Crazy Yiuf
  2409 | D:3      | Killed Crazy Yiuf
  2410 | D:3      | Reached XP level 5. HP: 35/42 MP: 5/5
  2584 | D:3      | Killed an ogre
  2725 | D:4      | Reached XP level 6. HP: 42/48 MP: 6/6
  3141 | D:4      | Reached skill level 5 in Axes
  3153 | D:4      | Reached XP level 7. HP: 21/55 MP: 7/7
  3442 | D:4      | Noticed Robin
  3462 | D:4      | Killed Robin
  3813 | D:5      | Entered Level 5 of the Dungeon
  3830 | D:5      | Found Peqowk's General Store.
  3852 | D:5      | Reached skill level 1 in Maces & Flails
  3954 | D:5      | Identified the +7 dagger of Resourcefulness {freeze, rC+
                  | MP+9 Str+4 Int+4 Dex+2}
  4053 | D:5      | Reached skill level 5 in Fighting
  4053 | D:5      | Reached skill level 1 in Short Blades
  4185 | D:5      | Noticed Edmund
  4185 | D:5      | HP: 2/56 [ogre/+0 giant club (31)]
  4429 | D:5      | Noticed Dowan
  4451 | D:5      | Killed Dowan
  4462 | D:5      | Noticed Duvessa
  4480 | D:5      | Killed Duvessa
  4654 | D:5      | Reached skill level 5 in Shields
  4654 | D:5      | Reached XP level 8. HP: 62/63 MP: 8/8
  4982 | D:5      | Reached skill level 2 in Maces & Flails
  5040 | D:5      | Killed Edmund
  5053 | D:5      | Reached skill level 11 in Maces & Flails
  5054 | D:5      | Gained mutation: You have sharp fingernails. [demonic
                  | ancestry]
  5054 | D:5      | Reached XP level 9. HP: 69/69 MP: 9/9
  5138 | D:6      | Noticed a cyclops
  5171 | D:5      | Killed a cyclops
  5177 | D:6      | Noticed Maggie
  5195 | D:6      | Killed Maggie
  5424 | D:6      | Identified the +9 flail of Patience {drain, rN+ Str+3}
  5959 | D:6      | Found Toamn's General Store.
  5988 | D:6      | Found a shimmering blue altar of Sif Muna.
  6639 | D:7      | Found a staircase to the Ecumenical Temple.
  6698 | Temple   | Entered the Ecumenical Temple
  6804 | Temple   | Became a worshipper of Hepliaklqana the Forgotten
  7264 | D:8      | Found a bloodstained altar of Trog.
  7273 | D:8      | Noticed a wizard
  7277 | D:8      | Killed a wizard
  7287 | D:8      | Reached skill level 12 in Maces & Flails
  7287 | D:8      | Gained mutation: You regenerate health from kills. [demonic
                  | ancestry]
  7287 | D:8      | Reached XP level 10. HP: 54/77 MP: 10/10
  7342 | D:8      | Found a flagged portal.
  7396 | Bailey   | Entered a bailey
  7657 | D:8      | Found a radiant altar of Vehumet.
  7657 | D:8      | Found a shadowy altar of Dithmenos.
  7658 | D:8      | Found a hide-covered altar of Uskayaw.
  8329 | D:9      | Found Vus Xuze's Armour Boutique.
  8336 | D:9      | Bought a +0 pair of gloves for 63 gold pieces
  8336 | D:9      | Bought a +1 pair of boots for 161 gold pieces
  8348 | D:9      | Reached * piety under Hepliaklqana
  8406 | D:9      | Noticed a two-headed ogre
  8435 | D:9      | Killed a two-headed ogre
  8737 | D:10     | Entered Level 10 of the Dungeon
  9232 | D:10     | Noticed a brown ugly thing
  9238 | D:10     | Gained mutation: You have very sharp fingernails. [demonic
                  | ancestry]
  9238 | D:10     | Reached XP level 11. HP: 73/75 MP: 11/11
  9254 | D:10     | Killed a brown ugly thing
  9686 | D:11     | Found an opulent altar of Gozag.
  9723 | D:11     | Reached skill level 13 in Maces & Flails
  9724 | D:11     | Reached ** piety under Hepliaklqana
  9724 | D:11     | Identified the +2 long sword of Execution {venom, Str+3}
  9729 | D:11     | Remembered your ancestor Nhalahla as a hexer
  9798 | D:11     | Found a staircase to the Orcish Mines.
  9937 | D:11     | Noticed a boulder beetle
 10165 | D:11     | Killed from afar by an electric eel

Illustrated notes

Levels and vault maps discovered:
D:1:      roderic_chinese_lattice_arrival, layout_loops_ring,
          kennysheep_nondescript, amcnicky_mini_pool_small, nrook_uturn,
          amethyst_killhole
D:2:      layout_basic, minmay_tetromino_t2
D:3:      layout_rooms, shapermc_ecumenical_altar_rom_forum, uniq_jessica,
          uniq_crazy_yiuf_cottage
D:4:      layout_loops_cross, uniq_robin
D:5:      layout_gridville, serial_shops, shop, minmay_misc_feat_five,
          uniq_duvessa, uniq_edmund
D:6:      layout_layer_cave, lemuel_tele_altar, serial_shops,
          nicolae_shop_advertising_works [nicolae_subvault_shop_adworks],
          uniq_maggie
D:7:      layout_rooms, tso_metal_star, minmay_temple_entry_crystal_x,
          minmay_puff
D:8:      layout_rooms, trog_wizard, gammafunk_temple_overflow_claw,
          enter_bailey_8
D:9:      layout_roguey, serial_shops, nicolae_shop_hallway_plus
D:10:     layout_basic
D:11:     layout_basic, david_lair_generic, david_orc_2,
          nicolae_gozag_seed_capital
Temple:   compressed_dpeg_circular_temple

Skill      XL: |  1  2  3  4  5  6  7  8  9 10 11 |
---------------+----------------------------------+-----
Axes           | 2 3 4 5 |  5.2
Shields        | 3 4 5 6 7 |  7.3
Fighting       | 4 5 6 7 8 |  8.0
Maces & Flails | 1 11 12 13 | 13.2
Short Blades   | 2 |  2.4
Armour         | |  2.6

Action                   |  1- 3 |  4- 6 |  7- 9 | 10-12 || total
-------------------------+-------+-------+-------+-------++-------
Melee: War axe           |   114 |    97 |    37 |       ||   248
       Dagger            |       |       |    41 |       ||    41
       Club              |       |       |    44 |       ||    44
       Flail             |       |       |    41 |   191 ||   232
Throw: Dart              |       |       |       |     5 ||     5
Invok: Ancestor Life: He |       |       |       |     1 ||     1
Evoke: Wand              |       |       |     1 |       ||     1
  Use: Potion            |       |       |     2 |     2 ||     4
       Scroll            |       |       |    11 |     9 ||    20
Armor: Scale mail        |    64 |    10 |       |       ||    74
       Chain mail        |       |    34 |    56 |       ||    90
       Swamp dragon scal |       |       |    16 |    94 ||   110
Dodge: Dodged            |    69 |    35 |    44 |    97 ||   245
Block: Buckler           |    31 |    23 |    27 |    59 ||   140

Table legend: (Time is in decaauts)
 A = Elapsed time spent in this place.
 B = Non-inter-level travel time spent in this place.
 C = Inter-level travel time spent in this place.
 D = Time resting spent in this place.
 E = Time spent auto-exploring this place.
 F = Levels seen in this place.
 G = Mean time per level.
                   A        B        C        D        E       F      G
               +--------+--------+--------+--------+--------+-----+--------+
         Total |  10238 |   9751 |    487 |   1584 |   5509 |  13 |  787.5 |
       Dungeon |  10085 |   9623 |    462 |   1584 |   5431 |  11 |  916.8 |
        Temple |    132 |    107 |     25 |      0 |     78 |   1 |  132.0 |
        Bailey |     21 |     21 |      0 |      0 |      0 |   1 |   21.0 |
               +--------+--------+--------+--------+--------+-----+--------+

Top non-repeatable levels by time:
     D:5: 1295 daAuts
     D:6: 1276 daAuts
     D:4: 1268 daAuts
     D:1: 1177 daAuts
     D:3: 953 daAuts
     D:9: 869 daAuts
     D:8: 699 daAuts
    D:11: 678 daAuts
     D:2: 654 daAuts
    D:10: 625 daAuts
     D:7: 587 daAuts
  Temple: 132 daAuts
  Bailey: 21 daAuts
